[Event "FIDE WCCC U10 2018"]
[Site "Santiago de Compostela"]
[Date "2018.11.15"]
[Round "11"]
[White "Ngo, Bach"]
[Black "Xiao, Tong"]
[Result "1/2-1/2"]
[ECO "A46"]
[WhiteElo "1810"]
[BlackElo "2022"]
[Annotator "NA RC"]
[PlyCount "139"]
[EventDate "2018.11.04"]
[EventType "swiss"]
[EventCountry "ESP"]
[SourceTitle "playchess.com"]
[Source "ChessBase"]
[SourceQuality "1"]
[TimeControl "40/5400+30:1800+30"]

1. d4 Nf6 2. Nf3 c5 3. e3 cxd4 4. exd4 e6 5. c3 b6 6. Bf4 Bb7 7. h3 Be7 8. Bd3 d6 9. O-O O-O 10. Nbd2 Re8 {[%emt 0:06:03] LiveBook: 17 Partien A47: 1 d4 Nf6 2 Nf3 b6: Torre, London and Colle Systems} (10... Nbd7 11. Qe2 a6 12. a4 Re8 13. Bh2 h6 14. Rfe1 Bf8 15. Nc4 Qc7 16. Ne3 Nd5 17. Nxd5 Bxd5 18. Bxa6 Bxf3 19. gxf3 {1-0 (34) Carlsen,M (2837)-Akobian,V (2647) Riadh 2017}) 11. a4 a6 12. Re1 Nbd7 13. Qe2 Nf8 14. Bg3 Ng6 15. Ng5 Qd7 16. Nc4 $146 ({Predecessor:} 16. Nge4 Nd5 17. Nf3 f5 18. Ned2 {0-1 (32) Alvarez Villar,H (2355)-Vozda,J (2438) ICCF email 2006}) 16... Nf8 17. f4 Nd5 18. Qh5 g6 19. Qe2 Bc6 20. Qc2 Rab8 21. h4 Nf6 22. Ne3 b5 23. axb5 axb5 24. Be2 h6 25. Nf3 Be4 26. Qd1 Nh5 27. Kf2 Qd8 28. Rh1 Nxg3 29. Kxg3 Bxf3 (29... b4 $17 30. c4 Bf6) 30. Bxf3 Bf6 31. Ng4 Bg7 32. h5 g5 33. fxg5 Qxg5 34. Qc1 Re7 35. Qxg5 hxg5 36. Ra6 Rd8 37. Rb6 f5 38. Nf2 e5 39. Rxb5 e4 40. Be2 d5 41. Rb6 Ne6 42. Nh3 Bh6 43. Rf1 g4 44. Ng1 Be3 45. Kh2 Nf4 46. g3 Bxg1+ $1 47. Rxg1 $2 (47. Kxg1 $15 Nxe2+ 48. Kf2) 47... Nxe2 48. Re1 {[%emt 0:00:10] [#]} f4 $1 49. Rxe2 f3 50. Re3 f2 $2 (50... Rf8 $19 51. Ra6 f2) 51. Rg6+ Rg7 52. Rf6 Rf8 53. Rxf8+ Kxf8 54. Kg2 Rf7 55. Kf1 Rf5 56. b3 Rxh5 57. Kxf2 Rh2+ 58. Ke1 Rh1+ 59. Kd2 Ke7 60. c4 Kd6 61. Re1 Rh3 62. Re3 Kc6 63. Rc3 Kd6 64. c5+ Kc6 65. b4 Rh6 $2 (65... Rh2+ $1 $11 {and Black stays safe.} 66. Ke3 Rg2 67. b5+ Kxb5) 66. Ke3 $11 (66. Ra3 $18 Rh3 67. Ra6+ Kb5 68. Rb6+ Kc4 69. c6 Rh2+ 70. Ke3) 66... Rf6 67. Kd2 Rf2+ 68. Kc1 Rf1+ 69. Kc2 Rf2+ 70. Kc1 1/2-1/2

[Event "FIDE WCCC U10 2018"]
[Site "Santiago de Compostela"]
[Date "2018.11.15"]
[Round "11"]
[White "Bialiauski, Artsiom"]
[Black "Vagman, Roy"]
[Result "1-0"]
[ECO "A45"]
[WhiteElo "1791"]
[BlackElo "1970"]
[Annotator "NA RC"]
[PlyCount "120"]
[EventDate "2018.11.04"]
[EventType "swiss"]
[EventCountry "ESP"]
[SourceTitle "playchess.com"]
[Source "ChessBase"]
[SourceQuality "1"]
[TimeControl "40/5400+30:1800+30"]

1. d4 Nf6 2. Bf4 g6 3. e3 Bg7 {[%emt 0:00:20] A45: Trompowsky Attack} 4. Bd3 (4. Nf3 O-O 5. Be2 c5 6. c3 b6 7. O-O Bb7 8. Nbd2 d6 9. h3 Na6 10. Bh2 Nc7 11. a4 Ne4 12. Nxe4 Bxe4 13. Nd2 Bc6 14. b4 Qc8 15. b5 Bd5 16. a5 f5 17. Re1 {1-0 (53) Caruana,F (2816)-Aronian,L (2764) Leuven 2018}) 4... O-O 5. h3 d6 6. Nd2 b6 7. Ne2 $146 ({Predecessor:} 7. Ngf3 Bb7 8. e4 Re8 9. O-O Nh5 10. Bh2 e5 {½-½ (54) Al Ahbabai,J (1746)-Humaid,A (1666) Abu Dhabi 2012}) 7... Bb7 8. O-O Nbd7 9. Bh2 e5 10. c4 Ne8 11. Rb1 f5 12. f4 exd4 13. exd4 Qe7 14. Kh1 Nef6 15. Nc3 Nb8 (15... Rae8 $15) 16. Re1 Qd7 17. Nf3 Nc6 18. b4 a5 19. a3 axb4 20. axb4 Nh5 21. Ne2 Ra3 ({Black should try} 21... Ne7 $11) 22. c5 Ne7 23. Rb3 Rfa8 24. cxb6 cxb6 25. Nc3 Bxf3 26. gxf3 (26. Qxf3 $11 Kf8 27. Nb5) 26... Ra1 27. Bb1 (27. Rb1 $17 Rxb1 28. Bxb1) 27... Nc6 28. Ne2 R1a3 29. b5 Ne7 30. Nc3 Qb7 31. Kg2 Nf6 32. Qc2 Bf8 33. Ba2 Kg7 34. Qb2 R3a7 35. Re2 Qc7 36. Bb1 Rc8 37. Bd3 Qd7 38. Kf2 Rac7 39. Ke1 Ned5 40. Nxd5 Nxd5 41. Kf2 Kf6 42. Bg3 Bh6 43. Qd2 Kf7 44. Ra3 Bg7 45. Qa2 Bxd4+ 46. Kg2 Rc5 47. Ra4 Be3 48. Bc4 ({Not} 48. Rxe3 Rc2+ 49. Bxc2 Rxc2+ 50. Re2 Rxa2 $17) 48... Qe6 $2 (48... Rxc4 {was worth a try.} 49. Rxc4 Rxc4 50. Qxc4 Qe6) 49. Bxd5 Qxd5 50. Qxd5+ Rxd5 51. Rxe3 Rxb5 52. Ra7+ Kg8 53. Bh4 Ra5 54. Rb7 h6 55. Ree7 Ra2+ 56. Kg3 g5 57. fxg5 h5 58. g6 f4+ 59. Kxf4 Rc4+ 60. Kg3 Ra8 1-0

[Event "FIDE WCCC U10 2018"]
[Site "Santiago de Compostela"]
[Date "2018.11.15"]
[Round "11"]
[White "Giang, Tran Nam"]
[Black "Chandra, Anand Rishi"]
[Result "1-0"]
[ECO "B90"]
[WhiteElo "1747"]
[BlackElo "1953"]
[Annotator "NA"]
[PlyCount "67"]
[EventDate "2018.11.04"]
[EventType "swiss"]
[EventCountry "ESP"]
[SourceTitle "playchess.com"]
[Source "ChessBase"]
[SourceQuality "1"]
[TimeControl "40/5400+30:1800+30"]

1. e4 c5 2. Nf3 d6 3. d4 cxd4 4. Nxd4 Nf6 {[%emt 0:00:08] LiveBook: 96091 Games} 5. Nc3 a6 6. h3 e6 7. g4 Be7 8. Bg2 Qc7 {[%emt 0:00:22] B81: Sicilian Scheveningen: Keres Attack} (8... Nfd7 9. g5 b5 10. e5 d5 11. f4 b4 12. Nce2 a5 13. Be3 Ba6 14. h4 Bc5 15. h5 Qb6 16. g6 hxg6 17. hxg6 Rxh1+ 18. Bxh1 fxg6 {½-½ (44) Karjakin,S (2782)-Grischuk,A (2766) Leuven 2018}) 9. Be3 Nc6 10. Qe2 Bd7 $146 (10... Nd7 $11) ({Predecessor:} 10... O-O 11. O-O-O Nd7 12. f4 Nxd4 13. Bxd4 b5 14. e5 dxe5 15. fxe5 Rb8 16. Rhf1 b4 17. Nd5 exd5 18. e6 Nf6 19. Be5 {0-1 (35) Nitin,S (2404)-Zhang,Z (2628) Al Ain 2015}) 11. g5 Ng8 12. O-O-O Ne5 13. Kb1 Nc4 14. Bc1 Rc8 15. f4 b5 16. Qe1 b4 17. Nce2 a5 18. b3 Nb6 19. Qd2 h6 {[%emt 0:09:13] [#]} 20. h4 $1 h5 (20... Kf8 $142 21. Bb2 a4) 21. Bb2 Bf8 22. f5 $2 (22. g6 $18 {and White stays clearly on top.}) 22... e5 23. Nf3 Bc6 24. Ng3 Bb5 25. Rhe1 Qc5 (25... Bd7 $142 26. Rc1 Ne7) 26. Bf1 Bd7 27. Rc1 a4 28. c3 Qa5 29. cxb4 Rxc1+ 30. Rxc1 Qa8 31. bxa4 Qxa4 32. a3 g6 33. f6 $18 Be6 34. Qc2 1-0

[Event "FIDE WCCC U10 2018"]
[Site "Santiago de Compostela"]
[Date "2018.11.15"]
[Round "11"]
[White "Shivakumar, Shawnak"]
[Black "Ansat, Aldiyar"]
[Result "1/2-1/2"]
[ECO "B78"]
[WhiteElo "1688"]
[BlackElo "1899"]
[Annotator "NA"]
[PlyCount "87"]
[EventDate "2018.11.04"]
[EventType "swiss"]
[EventCountry "ESP"]
[SourceTitle "playchess.com"]
[Source "ChessBase"]
[SourceQuality "1"]
[TimeControl "40/5400+30:1800+30"]

1. e4 c5 2. Nf3 d6 3. d4 Nf6 4. Nc3 cxd4 5. Nxd4 {[%emt 0:00:06] LiveBook: 99880 Games} g6 6. Be3 Bg7 7. f3 O-O 8. Qd2 Nc6 9. Bc4 Bd7 10. O-O-O Qa5 11. Nd5 Qxd2+ 12. Rxd2 Nxd5 13. Bxd5 Nxd4 14. Bxd4 Bh6 15. Bxb7 Rab8 16. Bd5 a5 17. a3 Be6 18. Re1 Bxd2+ 19. Kxd2 Rfc8 20. Kd3 Kf8 21. h4 Bxd5 22. exd5 f6 23. Rb1 Rb5 24. g4 a4 25. c4 Rb3+ 26. Bc3 e6 27. Re1 exd5 28. cxd5 Rc5 29. Re6 Rxd5+ 30. Ke4 Rd1 31. Rxf6+ Ke7 32. Rf4 Rb1 33. g5 Rb8 34. Kd3 Ra8 35. Re4+ Kd7 36. Rf4 Ke6 37. Rf6+ (37. Re4+ $11 Kf5 38. Re7) 37... Ke7 (37... Kd5 $17) 38. Rf4 Rf1 39. Ke2 Rh1 40. Ke3 $17 Ke6 41. Rf6+ Ke7 42. Rf4 Ke6 43. Rf6+ Ke7 44. Rf4 1/2-1/2

[Event "FIDE WCCC U10 2018"]
[Site "Santiago de Compostela"]
[Date "2018.11.15"]
[Round "11"]
[White "Nitsche, Nikolai"]
[Black "Xu, Daniel"]
[Result "0-1"]
[ECO "A45"]
[WhiteElo "1645"]
[BlackElo "1854"]
[Annotator "NA"]
[PlyCount "48"]
[EventDate "2018.11.04"]
[EventType "swiss"]
[EventCountry "ESP"]
[SourceTitle "playchess.com"]
[Source "ChessBase"]
[SourceQuality "1"]
[TimeControl "40/5400+30:1800+30"]

1. d4 Nf6 2. Bf4 g6 3. Nc3 d5 4. Qd2 Bg7 5. Bh6 O-O 6. Bxg7 Kxg7 7. O-O-O Be6 8. f3 c5 9. h4 {[%emt 0:02:43] [#]} (9. dxc5 $14 {keeps the upper hand.} Qa5 10. e3) 9... cxd4 $1 10. Nb5 Nc6 (10... Bd7 $5 11. Nxd4 e5 $15) 11. h5 a6 (11... gxh5 $15 12. Nxd4 Nxd4 13. Qxd4 Bf5) 12. Nxd4 Nxd4 13. Qxd4 Qa5 14. g4 Kg8 (14... Qxa2 15. g5) 15. hxg6 fxg6 ({Aber nicht} 15... hxg6 $2 16. Qf4 $18) 16. Kb1 $14 Rac8 17. Bh3 Rc4 18. Qe5 Bf7 19. Qxe7 Ra4 20. Qxf6 d4 21. b4 Qxb4+ 22. Kc1 Qa3+ 23. Kd2 Qc3+ 24. Kc1 Rxa2 0-1

[Event "FIDE WCCC U10 2018"]
[Site "Santiago de Compostela"]
[Date "2018.11.15"]
[Round "11"]
[White "Chen, Muye"]
[Black "Cnejev, Vladimir-Alexandru"]
[Result "1-0"]
[ECO "D58"]
[WhiteElo "1636"]
[BlackElo "1810"]
[Annotator "NA"]
[PlyCount "78"]
[EventDate "2018.11.04"]
[EventType "swiss"]
[EventCountry "ESP"]
[SourceTitle "playchess.com"]
[Source "ChessBase"]
[SourceQuality "1"]
[TimeControl "40/5400+30:1800+30"]

1. d4 d5 2. c4 e6 3. Nc3 Nf6 4. Bg5 Be7 5. e3 O-O 6. Nf3 h6 7. Bh4 b6 8. Bd3 Bb7 9. O-O Nbd7 10. Qe2 Ne4 11. Bxe7 Qxe7 12. Rac1 c5 {[%emt 0:04:15] LiveBook: 25 Games} 13. Rfd1 Rac8 14. cxd5 exd5 15. dxc5 {[%emt 0:01:39] D58: Queen's Gambit Declined: Tartakower Defence} Nxc3 (15... bxc5 16. Ba6 Ndf6 17. Nxe4 Nxe4 18. Nd2 Ng5 19. Qb5 Bxa6 20. Qxa6 Rc7 21. Qa3 Rd8 22. Nb3 Ne6 23. h3 Rc6 {0-1 (65) Wang,Y (2739)-Adams,M (2712) Wijk aan Zee 2009}) 16. Rxc3 Nxc5 17. Bf5 $146 ({Predecessor:} 17. Bb1 Ne4 18. Rxc8 Rxc8 19. Nd4 Rc5 20. a3 Qc7 21. Nb3 Rc6 22. Qb5 Nd6 23. Qd3 Ne4 24. f3 Nf6 25. Rd2 Qc8 {½-½ (25) Ester,L (2000)-Khamidov,K Liberec 2006}) 17... Ne6 18. Rxc8 Rxc8 19. Qd2 Rc7 20. h3 Nc5 $14 21. Qb4 Ne4 22. Qxe7 Rxe7 23. Rc1 Nd6 24. Bd3 Kf8 25. Nd4 Ke8 26. Kf1 g6 27. Ke2 Kd8 28. g3 Rc7 29. Rxc7 Kxc7 30. Nb5+ Nxb5 31. Bxb5 f6 32. Be8 g5 33. Kd3 Kd6 34. Kd4 Bc8 35. h4 a5 36. Bf7 Be6 37. Bxe6 Kxe6 38. hxg5 hxg5 39. g4 Kd6 1-0

[Event "FIDE WCCC U10 2018"]
[Site "Santiago de Compostela"]
[Date "2018.11.15"]
[Round "11"]
[White "Li Yihao"]
[Black "Amgalantengis, Enkh-Amgalan"]
[Result "1/2-1/2"]
[ECO "C54"]
[WhiteElo "1601"]
[BlackElo "1918"]
[Annotator "NA"]
[PlyCount "64"]
[EventDate "2018.11.04"]
[EventType "swiss"]
[EventCountry "ESP"]
[SourceTitle "playchess.com"]
[Source "ChessBase"]
[SourceQuality "1"]
[TimeControl "40/5400+30:1800+30"]

1. e4 e5 2. Nf3 Nc6 3. d4 exd4 4. Bc4 Bc5 5. c3 Nf6 6. e5 d5 7. Be2 {[%emt 0:00:14] C54: Giuoco Piano: 4 c3 Nf6, main lines with 5 d4 and 5 d3} (7. Bb5 Ne4 8. cxd4 Bb6 9. Nc3 O-O 10. Be3 Bg4 11. h3 Bh5 12. Qc2 Bg6 13. Qb3 Ne7 14. O-O c6 15. Bd3 Kh8 16. Nh4 c5 17. Nxg6+ fxg6 18. Bxe4 cxd4 19. Nxd5 Nxd5 {1-0 (51) Jones,G (2677)-Aronian,L (2780) Douglas 2018}) 7... Ne4 8. cxd4 Bb6 9. O-O O-O 10. Nc3 Bg4 11. Be3 {[%emt 0:00:23] LiveBook: 16 Games} f6 12. exf6 Nxf6 13. Na4 Bxf3 $146 ({Predecessor:} 13... Qe7 14. Rc1 Rae8 {½-½ (29) Nugumanov,B (2350)-Makhnyov,D (2379) Almaty 2017}) 14. Bxf3 Ne7 15. Qd3 c6 16. Nxb6 axb6 17. b4 (17. Bd2 $11) 17... b5 18. Bf4 Ng6 19. Bg3 Qe7 20. Qc3 Rfe8 21. Rfe1 Qd7 22. Qc2 Re7 23. h3 Qe8 24. Rxe7 Qxe7 25. Qc3 Re8 26. a4 bxa4 27. Rxa4 Ne4 28. Bxe4 Qxe4 29. Ra7 Qb1+ $15 30. Kh2 Re1 31. Bc7 Rh1+ 32. Kg3 Nf8 1/2-1/2

[Event "FIDE WCCC U10 2018"]
[Site "Santiago de Compostela"]
[Date "2018.11.15"]
[Round "11"]
[White "Cacheiro Blanco, Diego"]
[Black "Atanasov, Anthony"]
[Result "0-1"]
[ECO "B90"]
[WhiteElo "1453"]
[BlackElo "1916"]
[Annotator "NA"]
[PlyCount "80"]
[EventDate "2018.11.04"]
[EventType "swiss"]
[EventCountry "ESP"]
[SourceTitle "playchess.com"]
[Source "ChessBase"]
[SourceQuality "1"]
[TimeControl "40/5400+30:1800+30"]

1. e4 c5 2. Nf3 d6 3. d4 cxd4 4. Nxd4 Nf6 5. Nc3 a6 6. Be3 e6 7. f3 b5 8. Qd2 Nbd7 9. O-O-O Bb7 10. g4 h6 11. Kb1 {[%emt 0:01:02] B80: Sicilian Scheveningen: 6 g3 and 6 Be3, including English Attack} (11. h4 b4 12. Na4 Qa5 13. b3 Be7 14. Rh3 Nc5 15. a3 Rc8 16. axb4 Nxb3+ 17. Nxb3 Qxa4 18. Kb2 d5 19. Bc5 Qd7 20. g5 hxg5 21. hxg5 Rxh3 22. Bxh3 {1-0 (37) Caruana,F (2787)-Van Wely,L (2640) Wijk aan Zee 2016 CBM 171 [Caruana,F]}) 11... b4 12. Nce2 d5 13. exd5 {[%emt 0:02:12] LiveBook: 5 Games} Nxd5 14. Nf4 N7f6 (14... Nxe3 $11 15. Qxe3 Qb6) 15. Bc4 Nxf4 $146 ({Predecessor:} 15... Qc7 16. Bb3 O-O-O 17. Nd3 e5 18. Nf5 e4 19. fxe4 Nxe4 {1-0 (40) Alvarez,A (2148)-Navia,E (2055) San Andres Islas 2008}) 16. Bxf4 Bc5 17. Rhf1 Nd5 (17... Bd5 $11 18. Be2 O-O) 18. Be5 O-O 19. Nf5 f6 20. Bg3 Kh7 (20... Qb6 $15 {stays ahead.} 21. Bf2 Rfd8 22. Bxd5 Bxd5 23. Ne7+ Kf7 24. Nxd5 Rxd5 25. Bxc5 Qxc5) 21. Nd4 Bxd4 22. Qxd4 Kh8 23. Bxd5 Bxd5 24. Qxb4 a5 25. Qd6 Qc8 26. Rf2 Rd8 27. Qf4 Bxa2+ 28. Kxa2 Rxd1 29. h4 e5 30. Qe4 Qe6+ 31. c4 Rc8 32. Rc2 Rd4 $19 33. Qe2 Rcxc4 34. Rxc4 Qxc4+ 35. Qxc4 Rxc4 36. Kb3 Rb4+ 37. Ka3 e4 38. Be1 exf3 39. Bxb4 axb4+ 40. Kxb4 f2 0-1

[Event "FIDE WCCC U10 2018"]
[Site "Santiago de Compostela"]
[Date "2018.11.15"]
[Round "11"]
[White "Gusev, Mikhail"]
[Black "Lee, Jayden"]
[Result "0-1"]
[ECO "A48"]
[WhiteElo "1289"]
[BlackElo "1830"]
[Annotator "NA"]
[PlyCount "44"]
[EventDate "2018.11.04"]
[EventType "swiss"]
[EventCountry "ESP"]
[SourceTitle "playchess.com"]
[Source "ChessBase"]
[SourceQuality "1"]
[TimeControl "40/5400+30:1800+30"]

1. d4 Nf6 2. Nf3 g6 3. Nc3 c5 4. d5 d6 5. e4 Bg7 6. Be3 O-O 7. Qd2 Qa5 8. Bh6 Bxh6 9. Qxh6 Nxe4 $2 {[%emt 0:00:43] [#]} ({Black should play} 9... Nbd7 $14) 10. Ng5 $2 (10. O-O-O $1 $18 Nf6 11. Ng5) 10... Nxg5 11. Qxg5 Na6 12. Bxa6 bxa6 13. h4 $17 (13. Qxe7 $11 Rb8 14. O-O) 13... Rb8 14. O-O Rxb2 15. Ne4 f6 16. Qh6 Bf5 17. Rae1 Bxe4 18. Rxe4 Rf7 19. h5 g5 20. f4 Qd2 21. Rxe7 Rxe7 22. Qxf6 Qd4+ 0-1